 Dungeon Crawl Stone Soup version 0.29.1-15-g9cfb28693d (webtiles) character file.

Game seed: 13094775188090036876

371 Ast3rio the Chopper (level 6, -2/82 HPs)
             Began as a Minotaur Berserker on Feb 28, 2023.
             Was a Priest of Trog.
             Killed from afar by an electric eel (7 damage)
             ... with a bolt of electricity
             ... on level 4 of the Dungeon on Mar 2, 2023.
             The game lasted 00:09:35 (3037 turns).

Ast3rio the Chopper (Minotaur Berserker)            Turns: 3037, Time: 00:09:35

Health: -2/82      AC:  6    Str: 24    XL:     6   Next: 42%
Magic:  5/5        EV: 11    Int:  4    God:    Trog [***...]
Gold:   193        SH:  0    Dex:  9    Spells: 5/5 levels left

rFire   . . .      SeeInvis .   a - +0 hand axe
rCold   . . .      Faith    .   (no shield)
rNeg    . . .      Spirit   .   k - +0 ring mail
rPois   +          Reflect  .   (helmet restricted)
rElec   .          Harm     .   (no cloak)
rCorr   .          Rampage  .   (no gloves)
Will    .....                   (no boots)
Stlth   ..........              (no amulet)
HPRegen 0.23/turn               (no ring)
MPRegen 0.09/turn               (no ring)

@: berserking (expiring), very quick
A: horns 2, retaliatory headbutt, poison resistance, MP-powered wands
a: Renounce Religion, Berserk, Trog's Hand


You were on level 4 of the Dungeon.
You worshipped Trog.
Trog was most pleased with you.
You visited 1 branch of the dungeon, and saw 4 of its levels.

You collected 193 gold pieces.

Inventory:

Hand Weapons
 a - a +0 hand axe (weapon)
 t - a +1 dagger of electrocution
 v - a +1 dagger of venom
Armour
 b - a +0 animal skin
 k - a +0 ring mail (worn)
 l - an orb of energy
 w - a +1 helmet
Wands
 u - a wand of quicksilver (1)
 x - a wand of flame (15)
Scrolls
 d - 2 scrolls of magic mapping {unknown}
 h - 3 scrolls of enchant armour {unknown}
 i - a scroll of brand weapon {unknown}
 j - a scroll of butterflies {unknown}
 n - 4 scrolls of amnesia {unknown}
 o - 2 scrolls of identify {unknown}
 p - a scroll of blinking {unknown}
 q - a scroll of torment {unknown}
Potions
 c - 3 potions of heal wounds
 e - a potion of degeneration {unknown}
 f - a potion of mutation
 g - a potion of haste {unknown}
 m - a potion of attraction {unknown}
 r - 2 potions of lignification {unknown}
 s - a potion of curing {unknown}


   Skills:
 + Level 4.8 Fighting
 + Level 6.4 Axes
 + Level 4.4 Armour
 + Level 3.4 Dodging
 + Level 0.7 Stealth


You had 5 spell levels left.
You didn't know any spells.
Your spell library was empty.

Dungeon Overview and Level Annotations

Branches:
Dungeon (4/15)
 Temple: D:4-7

Altars:
Makhleb
Uskayaw


Innate Abilities, Weirdness & Mutations

You have a pair of horns on your head.
You reflexively headbutt those who attack you in melee.
Your system is resistant to poisons. (rPois)
You expend magic power (3 MP) to strengthen your wands.


Message History

You now have 178 gold pieces (gained 12).
There's nothing to open nearby.
You now have 193 gold pieces (gained 15).
Found a wand of flame (15).
There is a transporter here.
There is a transporter here.
You enter the transporter and appear at another place.
x - a wand of flame (15)
There is a transporter landing site here.
You open the door.
The electric eel shoots out a bolt of lightning at you!
The bolt of electricity hits you!
There is an open door here.
The electric eel shoots out a bolt of lightning at you!
The bolt of electricity hits you!
The electric eel shoots out a bolt of lightning at you!
The bolt of electricity hits the plant!
The plant begins to die.
The bolt of electricity hits you!
The electric eel shoots out a bolt of lightning at you!
The bolt of electricity misses you.
A red film seems to cover your vision as you go berserk!
You feel yourself moving faster!
You feel mighty!
The electric eel shoots out a bolt of lightning at you!
The bolt of electricity hits the plant!
The bolt of electricity hits you!
The electric eel shoots out a bolt of lightning at you!
The bolt of electricity hits you!
The electric eel shoots out a bolt of lightning at you!
The bolt of electricity hits you!
* * * LOW HITPOINT WARNING * * *
You feel a strong urge to attack something.
You slash the electric eel! Your headbutt misses the electric eel.
The electric eel is heavily wounded.
The electric eel shoots out a bolt of lightning at you!
The bolt of electricity hits the plant!
The bolt of electricity hits the electric eel.
The electric eel completely resists.
The bolt of electricity hits you!
* * * LOW HITPOINT WARNING * * *
The electric eel shoots out a bolt of lightning at you!
The bolt of electricity hits you!
You die...

#. .# #. .. ..
#.##########.# ##.#
######.......... .....#
..............# ..#..#
#############.# #.....
P#~~~~~~S#P8#.## #.#..#
.#~~PP~..#..#..## #.#..#
+P~P⌠S@.'.©#©..# #.#..#
.#~~SP~..#..#...###.#..#
P#~~~~~~~#P8#.......#..#
#############...........
..............####.##..#
#############..........#
#.######...#
#.#######..#
#..........#


You could see 3 electric eels.

Vanquished Creatures
  Grinder (D:3)
  Robin (D:3)
  3 gnolls (D:3)
  5 adders
  4 dart slugs
  2 worms
  6 endoplasms
  2 giant cockroaches (D:2)
  13 goblins
  4 hobgoblins
  7 jackals
  4 quokkas (D:2)
  6 ball pythons
  6 bats
  4 frilled lizards
  5 kobolds
  3 rats
76 creatures vanquished.

Notes
Turn   | Place    | Note
-------+----------+-------------------------------------------
     0 | D:1      | Ast3rio the Minotaur Berserker began the quest for the Orb.
     0 | D:1      | Reached XP level 1. HP: 19/19 MP: 0/0
   204 | D:1      | Reached XP level 2. HP: 27/27 MP: 1/1
   229 | D:1      | Reached skill level 4 in Axes
   749 | D:1      | Reached XP level 3. HP: 33/33 MP: 2/2
   877 | D:1      | Found a hide-covered altar of Uskayaw.
  1049 | D:2      | Reached ** piety under Trog
  1246 | D:2      | Found a faded altar of an unknown god.
  1721 | D:2      | Reached XP level 4. HP: 34/41 MP: 3/3
  1883 | D:2      | Gained mutation: You expend magic power (3 MP) to
                  | strengthen your wands. [potion of mutation]
  1883 | D:2      | Gained mutation: Your system is resistant to poisons.
                  | (rPois) [potion of mutation]
  2122 | D:3      | Found a burning altar of Makhleb.
  2148 | D:3      | Reached skill level 5 in Axes
  2148 | D:3      | Noticed Grinder
  2159 | D:3      | Killed Grinder
  2160 | D:3      | Reached skill level 6 in Axes
  2160 | D:3      | Reached XP level 5. HP: 30/47 MP: 4/4
  2160 | D:3      | Reached XP level 6. HP: 34/53 MP: 5/5
  2583 | D:3      | Noticed Robin
  2596 | D:3      | Reached *** piety under Trog
  2598 | D:3      | Killed Robin
  2995 | D:4      | Found a transporter.
  3037 | D:4      | Killed from afar by an electric eel

Illustrated notes

Levels and vault maps discovered:
D:1:      dpeg_arrival_water_altar, layout_basic
D:2:      layout_basic, shapermc_ecumenical_altar_pompeii
D:3:      cheibrodos_old_hovel, layout_rooms,
          mainiacjoe_overflow_surrounded_room, hangedman_decor_opposing,
          hangedman_glass_teeth, uniq_grinder, uniq_robin
D:4:      gammafunk_steamed_eel, layout_basic, serial_shops,
          nicolae_shop_advertising_works [nicolae_subvault_shop_adworks]

Skill      XL: |  1  2  3  4 |
---------------+-------------+-----
Fighting       | 4 |  4.8
Axes           | 4 6 |  6.4
Armour         | 4 |  4.4
Dodging        | 3 |  3.4
Stealth        | |  0.7

Action                   |  1- 3 |  4- 6 || total
-------------------------+-------+-------++-------
Melee: Hand axe          |    96 |    54 ||   150
       Headbutt          |     9 |    12 ||    21
Invok: Berserk           |       |     2 ||     2
  Use: Potion            |       |     2 ||     2
Armor: Animal skin       |     6 |       ||     6
       Ring mail         |    29 |    22 ||    51
Dodge: Dodged            |    74 |    33 ||   107
